 Dungeon Crawl Stone Soup version 0.29.1-15-g9cfb28693d (webtiles) character file.

Game seed: 754168226711692059

76 javelincjr the Ducker (level 4, -2/34 HPs)
             Began as a Djinni Hedge Wizard on Apr 28, 2023.
             Was a Follower of Cheibriados.
             Slain by a gnoll
             ... wielding a +0 flail
              (3 damage)
             ... on level 2 of the Dungeon.
             The game lasted 00:06:36 (2622 turns).

javelincjr the Ducker (Djinni Hedge Wizard)         Turns: 2622, Time: 00:06:37

Health: -2/34      AC:  6    Str: 14    XL:     4   Next: 57%
Gold:   94         EV: 11    Int: 19    God:    Cheibriados [*.....] SH:  0 Dex: 15

rFire   + . .      SeeInvis .   l - +2 trident "Dragon's Tongue" {freeze, rElec rPois rF-}
rCold   . . .      Faith    .   (no shield)
rNeg    . . .      Spirit   .   d - +1 ring mail {rC+}
rPois   ∞          Reflect  .   c - +0 hat
rElec   +          Harm     .   (no cloak)
rCorr   .          Rampage  .   (no gloves)
Will    .....                   (boots unavailable)
Stlth   +.........              (no amulet)
HPRegen 0.11/turn               (no ring)
MPRegen 0.00/turn               (no ring)

@: flying, very slow
A: sickness immunity, fire resistance 2, cold vulnerability 1, float, innate
caster, HP casting, extra vitality 1
a: Renounce Religion, Bend Time


You were on level 2 of the Dungeon.
You worshipped Cheibriados.
Cheibriados was aware of your devotion.
You visited 1 branch of the dungeon, and saw 2 of its levels.

You collected 94 gold pieces.

Inventory:

Hand Weapons
 a - a +0 dagger
 l - the +2 trident "Dragon's Tongue" (weapon) {freeze, rElec rPois rF-}
   (You found it on level 2 of the Dungeon)

   It freezes those it strikes, dealing additional cold damage.
   It can also slow down cold-blooded creatures.
   rF:        It makes you vulnerable to fire.
   rElec:     It insulates you from electricity.
   rPois:     It protects you from poison.
Armour
 b - a +0 robe
 c - a +0 hat (worn)
 d - a +1 ring mail of cold resistance (worn)
Magical Staves
 i - a staff of fire
Scrolls
 e - a scroll of brand weapon {unknown}
 f - a scroll of identify {unknown}
 h - 2 scrolls of acquirement {unknown}
 k - a scroll of vulnerability {unknown}
 m - a scroll of noise {unknown}
Potions
 g - a potion of heal wounds {unknown}
 j - a potion of invisibility {unknown}


   Skills:
 * Level 2.6 Fighting
 + Level 3.0 Dodging
 - Level 1.5 Stealth
 + Level 2.8 Spellcasting


You couldn't memorise any spells.
You knew the following spells:

 Your Spells              Type           Power      Damage    Failure   Level
a - Magic Dart            Conj           52%        1d5       10%         1
b - Blink                 Tloc           26%        N/A       16%         2
c - Call Imp              Summ           13%        N/A       16%         2
d - Slow                  Hex            52%        N/A       10%         1
e - Conjure Flame         Conj/Fire      13%        6-21      30%         3
f - Mephitic Cloud        Conj/Pois/Air  13%        N/A       30%         3
g - Shock                 Conj/Air       52%        1d6       10%         1
Your spell library was empty.

Dungeon Overview and Level Annotations

Branches:
Dungeon (2/15)

Altars:
Cheibriados


Innate Abilities, Weirdness & Mutations

You are immune to sickness and miasma.
You are immune to poison.
Your flesh is very heat resistant. (rF++)
You are vulnerable to cold. (rC-)
You float through the air rather than walking.
You learn spells naturally, not from books.
Your magical power is your life essence.
You have superior vitality. (+4 MHP)


Message History

You hit the gnoll. You freeze the gnoll.
The gnoll is almost dead.
The gnoll barely misses you. x2
You reach to attack!
You puncture the gnoll! You freeze the gnoll.
You kill the gnoll!
Cheibriados thoroughly appreciates the change of pace.
The gnoll hits you from afar with a +0 spear!
Casting: Magic Dart (safe; 10% risk of failure)
Confirm with . or Enter, or press ? or * to list all spells.
A beastly little devil appears in a puff of flame.
Your crimson imp blinks!
The gnoll completely misses you.
Your crimson imp blinks!
The gnoll hits you but does no damage.
Casting: Call Imp (safe; 16% risk of failure)
Confirm with . or Enter, or press ? or * to list all spells.
A beastly little devil appears in a puff of flame.
The gnoll barely misses you. The gnoll hits you with a +0 spear.
You hit the gnoll. You freeze the gnoll.
The gnoll is heavily wounded.
The gnoll hits you from afar with a +0 spear.
The gnoll hits you with a +0 spear.
The gnoll closely misses your crimson imp.
The gnoll hits you from afar with a +0 spear.
* * * LOW HITPOINT WARNING * * *
The gnoll closely misses you.
Your crimson imp hits the gnoll.
You hit the gnoll. You freeze the gnoll.
The gnoll is almost dead.
The gnoll closely misses you. The gnoll misses your crimson imp.
The gnoll closely misses you.
Your crimson imp hits the gnoll but does no damage.
You barely miss the gnoll.
The gnoll is almost dead.
The gnoll hits you from afar with a +0 spear.
* * * LOW HITPOINT WARNING * * *
The gnoll hits you with a +0 spear.
* * * LOW HITPOINT WARNING * * *
The gnoll hits you with a +0 flail.
You die...

#.#.................
#.#######........)#.
#.# #...#.....#. ###
#...#..#..#. ######
#...#..#..#. #....#
#...#..#..#. #.##.#
#...# #..#.
###g##g###..##..#..#.
#..5@g...............
######.#.#..##.......
#.#.#..# ##. #
#.....#..# #
#..)..g... .
#.#.#.#..## #
#.#.#.#..# .
#.#.#....# # # ... #.


You could see 3 gnolls and a friendly crimson imp (summoned).

Vanquished Creatures
  A gnoll (D:2)
  2 adders (D:2)
  3 ball pythons
  3 endoplasms
  2 giant cockroaches
  5 goblins
  5 hobgoblins
  2 kobolds (D:1)
  A bat (D:1)
  A frilled lizard (D:1)
  10 rats
35 creatures vanquished.

Vanquished Creatures (collateral kills)
  An adder (D:2)
  A worm (D:2)
2 creatures vanquished.

Grand Total: 37 creatures vanquished

Notes
Turn   | Place    | Note
-------+----------+-------------------------------------------
     0 | D:1      | javelincjr the Djinni Hedge Wizard began the quest for the
                  | Orb.
     0 | D:1      | javelincjr set off with the following spells memorised:
                  | Magic Dart, Blink, Call Imp, Slow, Conjure Flame, Mephitic
                  | Cloud.
     0 | D:1      | Reached XP level 1. HP: 15/15 MP: 0/0
   311 | D:1      | Reached skill level 1 in Fighting
   311 | D:1      | Reached XP level 2. HP: 17/22 MP: 0/0
  1253 | D:1      | Reached XP level 3. HP: 24/27 MP: 0/0
  1253 | D:1      | Learned a level 1 spell: Shock
  2078 | D:2      | Found a faded altar of an unknown god.
  2084 | D:2      | Prayed at the altar of an unknown god.
  2084 | D:2      | Became a worshipper of Cheibriados the Contemplative
  2084 | D:2      | Reached * piety under Cheibriados
  2149 | D:2      | Identified the +2 trident "Dragon's Tongue" {freeze, rElec
                  | rPois rF-}
  2361 | D:2      | Reached XP level 4. HP: 17/34 MP: 0/0
  2371 | D:2      | Reached skill level 3 in Dodging
  2622 | D:2      | HP: 1/34 [gnoll/+0 spear (6)]
  2622 | D:2      | Slain by a gnoll

Illustrated notes

Levels and vault maps discovered:
D:1:      noname_arrival_rooms_in_the_neighbourhood, layout_rooms,
          minmay_rat_gold_closets
D:2:      layout_basic, hellmonk_ecumenical_altar_inner_sanctum,
          nicolae_figureground_pulse

Skill      XL: |  1  2  3  4 |
---------------+-------------+-----
Fighting       | 1 2 |  2.6
Dodging        | 3 |  3.0
Stealth        | |  1.5
Spellcasting   | |  2.8

Action                   |  1- 3 |  4- 6 || total
-------------------------+-------+-------++-------
Melee: Dagger            |    18 |       ||    18
       Trident           |    16 |    16 ||    32
       Punch             |       |     1 ||     1
 Cast: Magic Dart        |    62 |     2 ||    64
       Call Imp          |     3 |     4 ||     7
       Shock             |     1 |       ||     1
       Blink             |       |     1 ||     1
Armor: Robe              |     3 |       ||     3
       Ring mail         |    16 |     8 ||    24
Dodge: Dodged            |    25 |     9 ||    34
